| TOP OF THE 1ST |
|
Toronto Blue Jays batting - Pitching for Cleveland Spiders : RHP Steve McCatty
|
|
Pitching: RHP Steve McCatty
|
|
|
Batting: SHB Harold Reynolds
|
0-0: Called Strike 0-1: Foul Ball, location: 2F 0-2: Foul Ball, location: 2F 0-2: Ball 1-2: Strikes out looking
|
|
Batting: RHB Jose Gonzalez
|
0-0: Called Strike 0-1: Ball 1-1: Foul Ball, location: 2F 1-2: Strikes out swinging
|
|
Batting: LHB Chad Daley
|
0-0: Ball 1-0: Called Strike 1-1: SINGLE (Line Drive, 78S, EV 105.0 MPH)
|
|
Batting: RHB Andres Galarraga
|
0-0: Ball 1-0: Ball 2-0: Called Strike 2-1: SINGLE (Groundball, 56D, EV 98.1 MPH) Chad Daley to second
|
|
Batting: LHB Steve Stroughter
|
0-0: Ball 1-0: Called Strike 1-1: Foul Ball, location: 2F 1-2: Strikes out swinging
|
| Top of the 1st over - 0 runs, 2 hits, 0 errors, 2 left on base; Toronto 0 - Cleveland 0 |
| BOTTOM OF THE 1ST |
|
Cleveland Spiders batting - Pitching for Toronto Blue Jays : LHP Thomas Linnert
|
|
Pitching: LHP Thomas Linnert
|
|
|
Batting: SHB Bump Wills
|
0-0: Called Strike 0-1: Ball 1-1: Called Strike 1-2: Strikes out swinging
|
|
Batting: RHB Tom Brunansky
|
0-0: Ball 1-0: Ball 2-0: Foul Ball, location: 2F 2-1: Ball 3-1: Called Strike 3-2: Base on Balls
|
|
Batting: RHB Gary Gaetti
|
0-0: Called Strike 0-1: Ball 1-1: Ball 2-1: Called Strike 2-2: Ground out 6-3 (Groundball, 6S, EV 66.3 MPH) Tom Brunansky to second
|
|
Batting: SHB Salvador Perez
|
0-0: Ball 1-0: Ball 2-0: Foul Ball, location: 2F 2-1: Ball 3-1: 2-RUN HOME RUN (Line Drive, 7LD, EV 97.5 MPH), Distance : 353 ft
|
|
Batting: RHB Clayton Elliott
|
0-0: Ball 1-0: Foul Ball, location: 2F 1-1: Foul Ball, location: 2F 1-2: Ball 2-2: Ball 3-2: SINGLE (Groundball, 56D, EV 97.5 MPH)
|
|
Batting: RHB Alan Trammell
|
0-0: Ball 1-0: Ball 2-0: SINGLE (Line Drive, 78M, EV 105.0 MPH) Clayton Elliott to second
|
|
Batting: RHB Cressy Pratt
|
0-0: Reached on error, E4 (Groundball, 4, EV 84.4 MPH) Clayton Elliott to third Alan Trammell to second
|
|
Batting: RHB Kevin Bell
|
0-0: Ball 1-0: Swinging Strike 1-1: Ball 2-1: Ball 3-1: Fly out, F4 (Line Drive, 4, EV 66.9 MPH)
|
| Bottom of the 1st over - 2 runs, 3 hits, 1 error, 3 left on base; Toronto 0 - Cleveland 2 |
| TOP OF THE 2ND |
|
Toronto Blue Jays batting - Pitching for Cleveland Spiders : RHP Steve McCatty
|
|
Batting: RHB Amos Otis
|
0-0: Swinging Strike 0-1: Fly out, F7 (Flyball, 7LM, EV 83.1 MPH)
|
|
Batting: RHB Cal Ripken
|
0-0: Ball 1-0: Called Strike 1-1: Ball 2-1: Ball 3-1: Foul Ball, location: 2F 3-2: Strikes out swinging
|
|
Batting: LHB Eddie Milner
|
0-0: Swinging Strike 0-1: Ball 1-1: Swinging Strike 1-2: Foul Ball, location: 2F 1-2: Strikes out looking
|
| Top of the 2nd over - 0 runs, 0 hits, 0 errors, 0 left on base; Toronto 0 - Cleveland 2 |
| BOTTOM OF THE 2ND |
|
Cleveland Spiders batting - Pitching for Toronto Blue Jays : LHP Thomas Linnert
|
|
Batting: RHB Lance Parrish
|
0-0: Called Strike 0-1: Foul Ball, location: 2F 0-2: Strikes out swinging
|
|
Batting: SHB Bump Wills
|
0-0: Fly out, F9 (Flyball, 9, EV 96.9 MPH)
|
|
Batting: RHB Tom Brunansky
|
0-0: Called Strike 0-1: Ball 1-1: SOLO HOME RUN (Flyball, 78XD, EV 106.9 MPH), Distance : 414 ft
|
|
Batting: RHB Gary Gaetti
|
0-0: Foul Ball, location: 2F 0-1: Fly out, F7 (Flyball, 7, EV 88.8 MPH)
|
| Bottom of the 2nd over - 1 run, 1 hit, 0 errors, 0 left on base; Toronto 0 - Cleveland 3 |
| TOP OF THE 3RD |
|
Toronto Blue Jays batting - Pitching for Cleveland Spiders : RHP Steve McCatty
|
|
Batting: RHB Jose Carrillo
|
0-0: Called Strike 0-1: Ball 1-1: Foul Ball, location: 2F 1-2: Ball 2-2: Fly out, F7 (Flyball, 78D, EV 103.1 MPH)
|
|
Batting: SHB Harold Reynolds
|
0-0: Foul Ball, location: 2F 0-1: SINGLE (Line Drive, 9S, EV 88.1 MPH)
|
|
Batting: RHB Jose Gonzalez
|
0-0: Fielders Choice at 2nd, 6-4 (Groundball, 6S, EV 81.9 MPH)
|
|
Batting: LHB Chad Daley
|
0-0: Ball 1-0: Called Strike Jose Gonzalez steals 2nd base 1-1: Ground out 3-1 (Groundball, 34, EV 107.5 MPH)
|
| Top of the 3rd over - 0 runs, 1 hit, 0 errors, 1 left on base; Toronto 0 - Cleveland 3 |
| BOTTOM OF THE 3RD |
|
Cleveland Spiders batting - Pitching for Toronto Blue Jays : LHP Thomas Linnert
|
|
Batting: SHB Salvador Perez
|
0-0: Ball 1-0: Ball 2-0: Called Strike 2-1: Swinging Strike 2-2: Strikes out swinging
|
|
Batting: RHB Clayton Elliott
|
0-0: Called Strike 0-1: Ball 1-1: Ball 2-1: Ball 3-1: Called Strike 3-2: Strikes out swinging
|
|
Batting: RHB Alan Trammell
|
0-0: Ball 1-0: Ball 2-0: Foul Ball, location: 2F 2-1: SINGLE (Groundball, 34S, EV 83.8 MPH) (infield hit)
|
|
Batting: RHB Cressy Pratt
|
0-0: Foul Ball, location: 2F 0-1: Foul Ball, location: 2F 0-2: Ball 1-2: Strikes out looking
|
| Bottom of the 3rd over - 0 runs, 1 hit, 0 errors, 1 left on base; Toronto 0 - Cleveland 3 |
| TOP OF THE 4TH |
|
Toronto Blue Jays batting - Pitching for Cleveland Spiders : RHP Steve McCatty
|
|
Batting: RHB Andres Galarraga
|
0-0: Called Strike 0-1: Ball 1-1: Foul Ball, location: 2F 1-2: Ball 2-2: SINGLE (Groundball, 4D, EV 98.8 MPH)
|
|
Batting: LHB Steve Stroughter
|
0-0: Called Strike 0-1: Fielders Choice at 2nd, 5-4 (Groundball, 5, EV 86.3 MPH)
|
|
Batting: RHB Amos Otis
|
0-0: Called Strike 0-1: Foul Ball, location: 2F 0-2: Foul Ball, location: 2F 0-2: SINGLE (Line Drive, 4MD, EV 106.3 MPH) Steve Stroughter to second
|
|
Batting: RHB Cal Ripken
|
0-0: SINGLE (Groundball, P, EV 91.9 MPH) (infield hit) Steve Stroughter to third Amos Otis to second
|
|
Batting: LHB Eddie Milner
|
0-0: Fielders Choice at 2nd, 3-6 (Groundball, 3, EV 84.4 MPH) Steve Stroughter scores Amos Otis to third
|
|
Batting: RHB Jose Carrillo
|
0-0: Ball 1-0: Foul Ball, location: 2F 1-1: Swinging Strike 1-2: Strikes out swinging
|
| Top of the 4th over - 1 run, 3 hits, 0 errors, 2 left on base; Toronto 1 - Cleveland 3 |
| BOTTOM OF THE 4TH |
|
Cleveland Spiders batting - Pitching for Toronto Blue Jays : LHP Thomas Linnert
|
|
Batting: RHB Kevin Bell
|
0-0: Swinging Strike 0-1: Foul Ball, location: 2F 0-2: Ball 1-2: Ball 2-2: Ball 3-2: Foul Ball, location: 2F 3-2: Fly out, F8 (Flyball, 8LM, EV 75.0 MPH)
|
|
Batting: RHB Lance Parrish
|
0-0: Ball 1-0: Called Strike 1-1: Ball 2-1: Ground out 4-3 (Groundball, 4M, EV 82.5 MPH)
|
|
Batting: SHB Bump Wills
|
0-0: Ball 1-0: Ball 2-0: Ground out 5-3 (Groundball, 56, EV 105.0 MPH)
|
| Bottom of the 4th over - 0 runs, 0 hits, 0 errors, 0 left on base; Toronto 1 - Cleveland 3 |
| TOP OF THE 5TH |
|
Toronto Blue Jays batting - Pitching for Cleveland Spiders : RHP Steve McCatty
|
|
Batting: SHB Harold Reynolds
|
0-0: Called Strike 0-1: Called Strike 0-2: Ball 1-2: Ball 2-2: Fly out, F9 (Line Drive, 9, EV 88.8 MPH)
|
|
Batting: RHB Jose Gonzalez
|
0-0: Ball 1-0: Ball 2-0: Foul Ball, location: 2F 2-1: Swinging Strike 2-2: Strikes out swinging
|
|
Batting: LHB Chad Daley
|
0-0: Foul Ball, location: 2F 0-1: Foul Ball, location: 2F 0-2: Ball 1-2: Ball 2-2: Fly out, F7 (Flyball, 78M, EV 87.5 MPH)
|
| Top of the 5th over - 0 runs, 0 hits, 0 errors, 0 left on base; Toronto 1 - Cleveland 3 |
| BOTTOM OF THE 5TH |
|
Cleveland Spiders batting - Pitching for Toronto Blue Jays : LHP Thomas Linnert
|
|
Batting: RHB Tom Brunansky
|
0-0: Ball 1-0: Foul Ball, location: 2F 1-1: Ball 2-1: Foul Ball, location: 2F 2-2: Strikes out swinging
|
|
Batting: RHB Gary Gaetti
|
0-0: Ball 1-0: Fly out, F8 (Flyball, 78M, EV 91.9 MPH)
|
|
Batting: SHB Salvador Perez
|
0-0: Ball 1-0: Foul Ball, location: 2F 1-1: Swinging Strike 1-2: Strikes out swinging
|
| Bottom of the 5th over - 0 runs, 0 hits, 0 errors, 0 left on base; Toronto 1 - Cleveland 3 |
| TOP OF THE 6TH |
|
Toronto Blue Jays batting - Pitching for Cleveland Spiders : RHP Steve McCatty
|
|
Batting: RHB Andres Galarraga
|
0-0: Called Strike 0-1: Ball 1-1: Ball 2-1: Swinging Strike 2-2: Foul Ball, location: 2F 2-2: Foul Ball, location: 2F 2-2: Ground out 6-3 (Groundball, 6MD, EV 100.0 MPH)
|
|
Batting: LHB Steve Stroughter
|
0-0: Called Strike 0-1: Ball 1-1: Ball 2-1: SINGLE (Groundball, 5D, EV 93.8 MPH)
|
|
Batting: RHB Amos Otis
|
0-0: Swinging Strike 0-1: Foul Ball, location: 2F 0-2: Ball 1-2: Grounds into double play, 6-4-3 (Groundball, 6D, EV 108.1 MPH)
|
| Top of the 6th over - 0 runs, 1 hit, 0 errors, 0 left on base; Toronto 1 - Cleveland 3 |
| BOTTOM OF THE 6TH |
|
Cleveland Spiders batting - Pitching for Toronto Blue Jays : LHP Thomas Linnert
|
|
Batting: RHB Clayton Elliott
|
0-0: Fly out, F7 (Flyball, 7LM, EV 73.1 MPH)
|
|
Batting: RHB Alan Trammell
|
0-0: Called Strike 0-1: SINGLE (Line Drive, 4M, EV 99.4 MPH)
|
|
Batting: RHB Cressy Pratt
|
0-0: Ball Wild Pitch! Alan Trammell to second 1-0: Called Strike 1-1: Called Strike 1-2: Ground out 5-3 (Groundball, 5L, EV 103.8 MPH)
|
|
Batting: RHB Kevin Bell
|
0-0: Ball 1-0: Called Strike 1-1: Swinging Strike 1-2: Strikes out looking
|
| Bottom of the 6th over - 0 runs, 1 hit, 0 errors, 1 left on base; Toronto 1 - Cleveland 3 |
| TOP OF THE 7TH |
|
Toronto Blue Jays batting - Pitching for Cleveland Spiders : RHP Steve McCatty
|
|
Batting: RHB Cal Ripken
|
0-0: Ball 1-0: Foul Ball, location: 2F 1-1: Ball 2-1: Ground out 6-3 (Groundball, 6MS, EV 78.1 MPH)
|
|
Batting: LHB Eddie Milner
|
0-0: Fly out, F8 (Line Drive, 8LM, EV 87.5 MPH)
|
|
Batting: RHB Jose Carrillo
|
0-0: Ball 1-0: Fly out, F7 (Flyball, 7S, EV 87.5 MPH)
|
| Top of the 7th over - 0 runs, 0 hits, 0 errors, 0 left on base; Toronto 1 - Cleveland 3 |
| BOTTOM OF THE 7TH |
|
Cleveland Spiders batting - Pitching for Toronto Blue Jays : LHP Thomas Linnert
|
|
Batting: RHB Lance Parrish
|
0-0: Called Strike 0-1: Ball 1-1: Ball 2-1: Fly out, F9 (Flyball, 89S, EV 86.9 MPH)
|
|
Pitching: RHP Herberto Folgueira
|
|
|
Batting: SHB Bump Wills
|
0-0: Called Strike 0-1: Called Strike 0-2: Foul Ball, location: 2F 0-2: Ball 1-2: Ground out U3 (Groundball, 3S, EV 81.3 MPH)
|
|
Batting: RHB Tom Brunansky
|
0-0: Ball 1-0: Ball 2-0: Ball 3-0: Called Strike 3-1: Swinging Strike 3-2: Base on Balls
|
|
Batting: RHB Gary Gaetti
|
0-0: Ball 1-0: Called Strike 1-1: Called Strike 1-2: SINGLE (Groundball, 56S, EV 68.8 MPH) (infield hit) Tom Brunansky to second
|
|
Batting: SHB Salvador Perez
|
0-0: Ball 1-0: DOUBLE (Line Drive, 78D, EV 111.3 MPH) Tom Brunansky scores Gary Gaetti to third Runner from 3rd tries for Home, SAFE, throw by LF to home
|
|
Batting: RHB Clayton Elliott
|
0-0: Ball 1-0: Swinging Strike 1-1: Called Strike 1-2: Strikes out swinging, 2-3 out at first.
|
| Bottom of the 7th over - 2 runs, 2 hits, 0 errors, 1 left on base; Toronto 1 - Cleveland 5 |
| TOP OF THE 8TH |
|
Toronto Blue Jays batting - Pitching for Cleveland Spiders : RHP Steve McCatty
|
|
Batting: SHB Harold Reynolds
|
0-0: Ball 1-0: Ball 2-0: SINGLE (Line Drive, 8LS, EV 88.1 MPH)
|
|
Batting: RHB Jose Gonzalez
|
0-0: Ball 1-0: Ball 2-0: Ball 3-0: Called Strike 3-1: Swinging Strike 3-2: Fly out, F9 (Flyball, 9LM, EV 82.5 MPH)
|
|
Batting: LHB Chad Daley
|
0-0: Ball 1-0: Swinging Strike 1-1: Swinging Strike 1-2: Grounds into double play, 6-4-3 (Groundball, 6, EV 105.6 MPH)
|
| Top of the 8th over - 0 runs, 1 hit, 0 errors, 0 left on base; Toronto 1 - Cleveland 5 |
| BOTTOM OF THE 8TH |
|
Cleveland Spiders batting - Pitching for Toronto Blue Jays : RHP Herberto Folgueira
|
|
Batting: RHB Alan Trammell
|
0-0: Ball 1-0: Swinging Strike 1-1: Foul Ball, location: 2F 1-2: Ball 2-2: Strikes out swinging
|
|
Batting: RHB Cressy Pratt
|
0-0: Ball 1-0: Ball 2-0: Ball 3-0: Base on Balls
|
|
Batting: RHB Kevin Bell
|
0-0: Foul Ball, location: 2F 0-1: Ball 1-1: Swinging Strike 1-2: Strikes out swinging
|
|
Batting: RHB Lance Parrish
|
0-0: Called Strike 0-1: Ball 1-1: Ball 2-1: Called Strike 2-2: Strikes out swinging
|
| Bottom of the 8th over - 0 runs, 0 hits, 0 errors, 1 left on base; Toronto 1 - Cleveland 5 |
| TOP OF THE 9TH |
|
Toronto Blue Jays batting - Pitching for Cleveland Spiders : RHP Steve McCatty
|
|
Batting: RHB Andres Galarraga
|
0-0: Foul Ball, location: 2F 0-1: Ball 1-1: Ball 2-1: Foul Ball, location: 2F 2-2: Hit by Pitch
|
|
Batting: LHB Steve Stroughter
|
0-0: Ball 1-0: Fielders Choice at 2nd, 6-4 (Groundball, 6, EV 79.4 MPH)
|
|
Batting: RHB Amos Otis
|
0-0: Ball 1-0: DOUBLE (Flyball, 89D, EV 105.6 MPH) Steve Stroughter to third
|
|
Batting: RHB Cal Ripken
|
0-0: Called Strike 0-1: Ball 1-1: Foul Ball, location: 2F 1-2: Foul Ball, location: 2F 1-2: Strikes out swinging
|
|
Batting: LHB Eddie Milner
|
0-0: Ball 1-0: Ground out 5-3 (Groundball, 56S, EV 88.8 MPH)
|
| Top of the 9th over - 0 runs, 1 hit, 0 errors, 2 left on base; Toronto 1 - Cleveland 5 |
|